 Dungeon Crawl Stone Soup version 0.30-a0-5-g3a90980b9d (webtiles) character file.

Game seed: 12008848577538311297

32 BritishOli the Trooper (level 3, 0/29 HPs)
             Began as a Demonspawn Fighter on Aug 22, 2022.
             Slain by Terence
             ... wielding a +0 falchion of holy wrath
              (1 damage)
             ... on level 2 of the Dungeon.
             The game lasted 00:00:50 (1136 turns).

BritishOli the Trooper (Demonspawn Fighter)         Turns: 1136, Time: 00:00:51

Health: 0/29       AC:  9    Str: 18    XL:     3   Next: 8%
Magic:  3/3        EV:  9    Int:  9    God:
Gold:   34         SH:  4    Dex: 12    Spells: 2/2 levels left

rFire   . . .      SeeInvis .    a - +0 long sword
rCold   . . .      Faith    .    c - +0 buckler
rNeg    . . .      Spirit   .    b - +0 scale mail
rPois   .          Reflect  .    (no helmet)
rElec   .          Harm     .    l - +2 cloak
rCorr   .          Rampage  .    (no gloves)
Will    .....                    (no boots)
Stlth   ..........               (no amulet)
HPRegen 0.09/turn                (no ring)
MPRegen 0.08/turn                (no ring)

@: no status effects
A: demonic guardian 1, weakness stinger 1
a: no special abilities


You were on level 2 of the Dungeon.
You visited 1 branch of the dungeon, and saw 2 of its levels.

You collected 34 gold pieces.

Inventory:

Hand Weapons
 a - a +0 long sword (weapon)
Armour
 b - a +0 scale mail (worn)
 c - a +0 buckler (worn)
 l - a +2 cloak (worn)
Scrolls
 g - a scroll of torment {unknown}
 h - a scroll of vulnerability {unknown}
 i - a scroll of enchant armour {unknown}
 j - a scroll of immolation {unknown}
 k - 2 scrolls of identify {unknown}
Potions
 d - a potion of might
 e - a potion of brilliance {unknown}
 f - a potion of haste {unknown}


   Skills:
 + Level 3.3 Fighting
 + Level 2.2 Long Blades
 + Level 3.0 Armour
 + Level 3.0 Shields


You had 2 spell levels left.
You didn't know any spells.
Your spell library was empty.

Dungeon Overview and Level Annotations

Branches:
Dungeon (2/15)

Altars:

Annotations:
D:2 Terence


Innate Abilities, Weirdness & Mutations

A weak demonic guardian rushes to your aid.
You have a small tail.


Message History

You kill the quokka!
No target in view!
No target in view!
Terence the Incautious comes into view.
He is wielding a +0 falchion of holy wrath.
Terence shouts!
You hear an angry hiss.
An adder comes into view.
The adder hisses angrily.
Terence hits you but does no damage.
The adder moves out of view.
You see here a +0 plate armour.
You hit Terence.
Terence is lightly wounded.
Terence completely misses you.
You slash Terence!
Terence is heavily wounded.
You block Terence's attack. Terence hits you but does no damage.
You hit Terence but do no damage.
Your tail-slap misses Terence.
Terence is heavily wounded.
You block Terence's attack.
You closely miss Terence.
Your tail-slap misses Terence.
Terence is heavily wounded.
The adder bites you but does no damage.
Terence hits you with a +0 falchion of holy wrath.
You convulse.
The adder bites you but does no damage.
You barely miss Terence.
Terence is heavily wounded.
Terence hits you but does no damage. The adder completely misses you.
Terence hits you with a +0 falchion of holy wrath!
You convulse.
* * * LOW HITPOINT WARNING * * *
The adder closely misses you.
You hit Terence.
Terence is severely wounded.
You block the adder's attack.
Terence hits you with a +0 falchion of holy wrath.
* * * LOW HITPOINT WARNING * * *
A demonic guardian appears!
You convulse.
* * * LOW HITPOINT WARNING * * *
Unknown command.
Terence hits you with a +0 falchion of holy wrath.
You die...

.. # .. # #.##
############ ..##
............ ##..#
##########.. 5..#
#####.†.. #..#
###....†...
#S@#####...##.^.#.
##@...........†####
#....#.....###.#
#......#####...#
.....##....###..###
...............##
########........# .
#..#......## ..
.....#.......##...
####.#######.....[


You could see Terence, an adder (ally target) and a friendly quasit (summoned).

Vanquished Creatures
  A gnoll (D:1)
  A dart slug (D:1)
  3 ball pythons (D:1)
  2 hobgoblins
  2 jackals (D:2)
  2 quokkas (D:2)
  3 bats
  A frilled lizard (D:1)
  5 rats
20 creatures vanquished.

Notes
Turn   | Place    | Note
-------+----------+-------------------------------------------
     0 | D:1      | BritishOli the Demonspawn Fighter began the quest for the
                  | Orb.
     0 | D:1      | Reached XP level 1. HP: 18/18 MP: 1/1
   259 | D:1      | Discovered your monstrous ancestry.
   259 | D:1      | Gained mutation: You have a small tail. [demonic ancestry]
   259 | D:1      | Reached XP level 2. HP: 21/24 MP: 2/2
  1096 | D:2      | Gained mutation: A weak demonic guardian rushes to your
                  | aid. [demonic ancestry]
  1096 | D:2      | Reached XP level 3. HP: 29/29 MP: 3/3
  1126 | D:2      | Noticed Terence
  1135 | D:2      | HP: 1/29 [Terence/+0 falchion of holy wrath (3)]
  1136 | D:2      | Slain by Terence

Illustrated notes

Levels and vault maps discovered:
D:1:      dpeg_arrival_tiny_f, layout_basic, dk_noncrumbling_4, hex_tiny
D:2:      layout_rooms, nicolae_ecumenical_lake_church, uniq_terence,
          uniq_natasha

Skill      XL: |  1  2 |
---------------+-------+-----
Long Blades    | 2 |  2.2
Armour         | 3 |  3.0
Shields        | 3 |  3.0
Fighting       | |  3.3

Action                   || total
-------------------------++-------
Melee: Long sword        ||    67
       Tailslap          ||     3
Armor: Scale mail        ||    38
Dodge: Dodged            ||    31
Block: Buckler           ||    22

Table legend: (Time is in decaauts)
 A = Elapsed time spent in this place.
 B = Non-inter-level travel time spent in this place.
 C = Inter-level travel time spent in this place.
 D = Time resting spent in this place.
 E = Time spent auto-exploring this place.
 F = Levels seen in this place.
 G = Mean time per level.
                   A        B        C        D        E       F      G
               +--------+--------+--------+--------+--------+-----+--------+
         Total |   1158 |   1094 |     64 |      0 |    920 |   2 |  579.0 |
       Dungeon |   1158 |   1094 |     64 |      0 |    920 |   2 |  579.0 |
               +--------+--------+--------+--------+--------+-----+--------+

Top non-repeatable levels by time:
     D:1: 1057 daAuts
     D:2: 101 daAuts
